 Dungeon Crawl Stone Soup version 0.29.1-12-g30fa7ad0bf (webtiles) character file.

Game seed: 3864491461025501556

259 rakiston the Chopper (level 5, -1/48 HPs)
             Began as a Minotaur Berserker on Dec 21, 2022.
             Was a Believer of Trog.
             Slain by an orc priest
             ... wielding a +2 trident of venom
              (4 damage)
             ... on level 4 of the Dungeon.
             The game lasted 00:09:45 (2489 turns).

rakiston the Chopper (Minotaur Berserker)           Turns: 2489, Time: 00:09:46

Health: -1/48      AC: 11    Str: 24    XL:     5   Next: 95%
Magic:  4/4        EV:  7    Int:  4    God:    Trog [**....]
Gold:   137        SH:  0    Dex: 15    Spells: 4/4 levels left

rFire   . . .      SeeInvis .   a - +0 hand axe
rCold   . . .      Faith    .   (no shield)
rNeg    . . .      Spirit   .   j - +0 plate armour
rPois   .          Reflect  .   (helmet restricted)
rElec   .          Harm     .   (no cloak)
rCorr   .          Rampage  .   (no gloves)
Will    .....                   (no boots)
Stlth   ..........              (no amulet)
HPRegen 0.16/turn               q - +6 ring of dexterity
MPRegen 0.09/turn               (no ring)

@: lethally poisoned (-1 -> -9)
A: horns 2, retaliatory headbutt
a: Renounce Religion, Berserk, Trog's Hand


You were on level 4 of the Dungeon.
You worshipped Trog.
Trog was pleased with you.
You visited 1 branch of the dungeon, and saw 4 of its levels.

You collected 137 gold pieces.

Inventory:

Hand Weapons
 a - a +0 hand axe (weapon)
Missiles
 g - 5 stones (quivered)
Armour
 b - a +0 animal skin
 e - a +0 leather armour
 f - a +0 scale mail
 j - a +0 plate armour (worn)
Jewellery
 q - a +6 ring of dexterity (left hand)
 r - a +4 ring of evasion
Scrolls
 i - a scroll of poison
 l - 2 scrolls of blinking {unknown}
 m - a scroll of noise {unknown}
 p - 2 scrolls of teleportation {unknown}
Potions
 c - 2 potions of lignification
 d - a potion of resistance
 h - a potion of flight {unknown}
 k - 2 potions of heal wounds
 n - a potion of might {unknown}
 o - a potion of attraction {unknown}


   Skills:
 + Level 5.2 Fighting
 + Level 6.8 Axes
 - Level 2.9 Armour
 - Level 2.4 Dodging


You had 4 spell levels left.
You didn't know any spells.
Your spell library was empty.

Dungeon Overview and Level Annotations

Branches:
Dungeon (4/15)
 Temple: D:4-7

Altars:

Annotations:
D:3 1 runed translucent door, Crazy Yiuf


Innate Abilities, Weirdness & Mutations

You have a pair of horns on your head.
You reflexively headbutt those who attack you in melee.


Message History

You kill the orc!
Trog accepts your kill.
You hit the orc.
You feel sick.
You hear a shout!
The orc hits you but does no damage.
You feel sick. The orc hits you but does no damage.
The orc priest hits you from afar with a +2 trident of venom.
You are more poisoned.
Things that are here:
a +0 dagger; a +0 ring mail You hit the orc but do no damage.
You headbutt the orc.
You kill the orc!
Trog accepts your kill.
You hit the orc.
You kill the orc!
Trog accepts your kill.
You feel sick.
The orc priest hits you from afar with a +2 trident of venom.
You are more poisoned.
You feel very sick.
The orc priest invokes the aid of Beogh against you.
Beogh smites you!
* * * LOW HITPOINT WARNING * * *
Things that are here:
a +0 short sword; a +0 ring mail; an orc corpse You closely miss the orc priest.
You headbutt the orc priest.
The orc priest is moderately wounded.
* * * LOW HITPOINT WARNING * * *
You feel very sick.
You barely miss the orc priest.
The orc priest is moderately wounded.
* * * LOW HITPOINT WARNING * * *
You feel very sick.
The orc priest begins to cast a cantrip, but forgets the words!
You hit the orc priest.
The orc priest is severely wounded.
* * * LOW HITPOINT WARNING * * *
You feel sick.
The orc priest hits you with a +2 trident of venom.
You die...

. #. .. #.### ... #...
## # .... ..###.# ...
.. .>..
##.....###.......
##..#.......#..##....
#...o@..........#..#
.......#))...#.......#
.......##o..##.....#
.......#.....#.....#
..#...............####
. ##..#.......#..###.#
...###.....###.....##
... #..###..#.......##
. .... ............#


You could see an orc priest and an orc.

Vanquished Creatures
  A black bear (D:4)
  A hound (D:4)
  Jessica (D:3)
  Robin (D:3)
  4 adders
  3 dart slugs
  6 orcs
  4 ball pythons
  4 endoplasms
  3 giant cockroaches
  8 goblins
  6 hobgoblins
  3 quokkas
  2 bats
  5 frilled lizards
  4 kobolds
  2 rats
58 creatures vanquished.

Vanquished Creatures (others)
  A goblin (D:3)
1 creature vanquished.

Grand Total: 59 creatures vanquished

Notes
Turn   | Place    | Note
-------+----------+-------------------------------------------
     0 | D:1      | rakiston the Minotaur Berserker began the quest for the
                  | Orb.
     0 | D:1      | Reached XP level 1. HP: 19/19 MP: 0/0
   141 | D:1      | Found a faded altar of an unknown god.
   301 | D:1      | Reached XP level 2. HP: 27/27 MP: 1/1
   487 | D:1      | Reached skill level 4 in Axes
  1007 | D:2      | Reached ** piety under Trog
  1008 | D:2      | Reached XP level 3. HP: 33/33 MP: 2/2
  1407 | D:3      | Reached XP level 4. HP: 41/41 MP: 3/3
  1435 | D:3      | Reached skill level 5 in Axes
  1556 | D:3      | Noticed Jessica
  1560 | D:3      | Killed Jessica
  1848 | D:3      | Found a runed translucent door.
  1849 | D:3      | Noticed Crazy Yiuf
  1888 | D:3      | Noticed Robin
  1902 | D:3      | Killed Robin
  2232 | D:4      | Noticed a black bear
  2242 | D:4      | Killed a black bear
  2243 | D:4      | Reached skill level 5 in Fighting
  2243 | D:4      | Reached skill level 6 in Axes
  2243 | D:4      | Reached XP level 5. HP: 34/48 MP: 4/4
  2489 | D:4      | Slain by an orc priest

Illustrated notes

Levels and vault maps discovered:
D:1:      sevenhm_arrival_forest_fort_small_6, layout_loops_ring,
          chequers_ecumenical_altar_island
D:2:      layout_rooms
D:3:      layout_rooms, uniq_jessica, uniq_robin, uniq_crazy_yiuf_cottage
D:4:      nicolae_cairo_tiling_large_dashed, layout_basic

Skill      XL: |  1  2  3  4 |
---------------+-------------+-----
Fighting       | 4 5 |  5.2
Axes           | 4 6 |  6.8
Armour         | |  2.9
Dodging        | |  2.4

Action                   |  1- 3 |  4- 6 || total
-------------------------+-------+-------++-------
Melee: Hand axe          |    79 |    63 ||   142
       Headbutt          |     7 |     9 ||    16
       Punch             |       |     1 ||     1
Throw: Stone             |    16 |     5 ||    21
Invok: Berserk           |       |     1 ||     1
  Use: Potion            |     1 |       ||     1
       Scroll            |     3 |       ||     3
Armor: Scale mail        |    11 |       ||    11
       Leather armour    |     2 |       ||     2
       Plate armour      |    21 |    46 ||    67
Dodge: Dodged            |    34 |    23 ||    57
